 Dungeon Crawl Stone Soup version 0.31.0-12-g77e489cdc1 (console) character file.

Game seed: 3421961224997316294

51480 Banquo the Warrior (level 15, -16/122 HPs)
             Began as a Djinni Air Elementalist on Feb 15, 2024.
             Was a Priest of Ashenzari.
             Demolished by an ettin
             ... wielding a +0 great mace
              (39 damage)
             ... on level 1 of the Orcish Mines.
             The game lasted 01:36:05 (24931 turns).

Banquo the Warrior (Djinni Air Elementalist)       Turns: 24931, Time: 01:36:05

Health: -16/122    AC:  6    Str:  7    XL:     15   Next: 2%
Gold:   1131       EV: 15    Int: 23    God:    Ashenzari [***...] SH:  0 Dex: 15

rFire   + + .        a - staff of air
rCold   x . .        (no shield)
rNeg    . . .        j - +0 troll leather armour "Gaze Upon Infinity" {Regen+, Fort, Elem} (curse)
rPois   ∞            h - +0 helmet
rElec   +            e - scarf of Supernal Gnosis {repulsion, Comp, Sorc} (curse)
rCorr   +            g - +0 pair of gloves "I Knew You'd Do That" {Self, Dev} (curse)
SInv    +            (boots unavailable)
Will    +....        (no amulet)
Stlth   ++           i - ring of the Bound Seer {rCorr, Comp, Fort} (curse)
HPRegen 1.20/turn    (no ring)
MPRegen 0.00/turn

%: repel missiles, clarity, infuse magic (-17 HP)
@: flying, studying Long Blades
A: sickness immunity, fire resistance 2, cold vulnerability 1, float, innate
caster, HP casting, extra vitality 1
a: Renounce Religion, Curse Item, Shatter the Chains


You were on level 1 of the Orcish Mines.
You worshipped Ashenzari.
Ashenzari was most pleased with you.
You visited 4 branches of the dungeon, and saw 19 of its levels.
You also visited: Ossuary.

You collected 1131 gold pieces.

Inventory:

Hand Weapons
 c - a +4 scimitar of freezing
 t - a +0 dagger of electrocution
 A - a +2 short sword of venom
Armour
 e - the cursed scarf of Supernal Gnosis (worn) {repulsion, Comp, Sorc}
   (You found it on level 8 of the Dungeon)

   It has a curse which improves the following skills: Companions: Summonings
   and Necromancy.
   Sorcery:   Conjurations and Alchemy.
 g - the cursed +0 pair of gloves "I Knew You'd Do That" (worn) {Self, Dev}
   (You found it on level 5 of the Dungeon)

   It has a curse which improves the following skills: Introspection: Fighting
   and Spellcasting.
   Devices:   Evocations and Shapeshifting.
 h - a +0 helmet (worn)
 j - the cursed +0 troll leather armour "Gaze Upon Infinity" (worn) {Regen+, Fort, Elem}
   (You found it on level 10 of the Dungeon)

   Regen+:    It increases your rate of health regeneration.
   It has a curse which improves the following skills: Fortitude: Armour and
   Shields.
   Elements:  Fire Magic, Ice Magic, Air Magic and Earth Magic.
Magical Staves
 a - a staff of air (weapon)
 b - a staff of cold
Jewellery
 i - the cursed ring of the Bound Seer (left hand) {rCorr, Comp, Fort}
   (You found it on level 2 of the Dungeon)

   [ring of resist corrosion]

   rCorr:     It protects you from acid and corrosion.
   It has a curse which improves the following skills: Companions: Summonings
   and Necromancy.
   Fortitude: Armour and Shields.
Wands
 o - a wand of flame (6)
 u - a wand of roots (11)
 D - a wand of digging (11)
 F - a wand of light (38)
 G - a wand of paralysis (12)
 T - a wand of mindburst (13)
Scrolls
 m - 3 scrolls of revelation
 r - 2 scrolls of fear
 v - a scroll of summoning
 y - 6 scrolls of poison
 K - 10 scrolls of teleportation
 M - 4 scrolls of fog
 S - 4 scrolls of blinking
Potions
 f - 4 potions of berserk rage
 k - 4 potions of might
 l - 3 potions of resistance
 w - a potion of heal wounds
 x - a potion of enlightenment
 B - 7 potions of curing
 C - a potion of ambrosia
 N - 2 potions of brilliance
 O - a potion of invisibility
 P - 2 potions of haste
 W - 2 potions of cancellation
Miscellaneous
 d - a phantom mirror
 z - a box of beasts


   Skills:
 - Level 15.0(16.4) Fighting
 * Level 5.0 Long Blades
 - Level 5.7(8.0) Armour
 - Level 8.8 Dodging
 - Level 1.5 Stealth
 * Level 0.5(1.4) Shields
 * Level 14.0(15.4) Spellcasting
 * Level 14.0(15.4) Conjurations
 * Level 14.0 Hexes
 * Level 14.0(16.1) Summonings
 * Level 14.0(16.1) Necromancy
 * Level 14.0 Translocations
 * Level 14.0(15.4) Fire Magic
 * Level 14.0(15.4) Ice Magic
 * Level 14.0(15.4) Air Magic
 * Level 14.0(15.4) Earth Magic
 * Level 14.0(15.4) Alchemy


You knew the following spells:

 Your Spells              Type           Power      Damage    Failure   Level
a - Shock                 Conj/Air       100%       1d9       0%          1
b - Fireball              Conj/Fire      36%        3d15      1%          5
c - Fugue of the Fallen   Necr           75%        N/A       1%          3
d - Static Discharge      Conj/Air       100%       3-8/arc   0%          2
f - Foxfire               Conj/Fire      100%       2x1d9     0%          1
g - Summon Blazeheart Go  Fire/Summ      74%        N/A       1%          4
i - Call Imp              Summ           100%       N/A       0%          2
s - Starburst             Conj/Fire      36%        6d11      1%          6
u - Dispel Undead         Necr           75%        3d25      1%          4
z - Airstrike             Air            46%        2d(7-23)  1%          4
M - Swiftness             Air            93%        N/A       1%          3
Your spell library was empty.

Dungeon Overview and Level Annotations

Branches:
Dungeon (12/15)            Temple (1/1) D:5            Lair (5/5) D:10
  Swamp (0/4) Lair:3        Snake (0/4) Lair:2        Slime (0/5) Lair:4
    Orc (1/2) D:12        Ossuary (visited)

Altars:
Ashenzari
Cheibriados
Dithmenos
Elyvilon
Fedhas
Gozag
Hepliaklqana
Makhleb
Nemelex Xobeh
Okawaru
Qazlal
Ru
Trog
Uskayaw
Wu Jian
Xom
Yredelemnul
Zin
The Shining One

Shops:
D:10 (

Annotations:
D:5 2 runed translucent doors, Gadfly's ghost, novice KoHu
D:10 exclusion: orange crystal statue
Lair:4 2 transporters


Innate Abilities, Weirdness & Mutations

You are immune to sickness and miasma.
You are immune to poison.
Your flesh is very heat resistant. (rF++)
You are vulnerable to cold. (rC-)
You float through the air rather than walking.
You learn spells naturally, not from books.
Your magical power is your life essence.
You have superior vitality. (+4 MHP)


Message History

Press: ? - help, Shift-Dir - straight line, f/p - Maurice
Aim: Maurice, wielding a +0 short sword, wearing a +0 cloak and carrying a wand of paralysis (severely wounded, slightly transparent)
The fireball explodes!
The fireball engulfs Maurice!!
You kill Maurice!
The ogre hits your blazeheart golem with a +0 giant club!!
Your Long Blades skill increases to level 5!
Casting: Fireball (mildly dangerous; 1% risk of failure)
Confirm with . or Enter, or press ? or * to list all spells.
Aiming: Fireball (mildly dangerous; 1% risk of failure)
Press: ? - help, Shift-Dir - straight line, f - ettin
Aim: an ettin, wielding a +0 great mace and a +0 dire flail of protection The fireball explodes!
The fireball engulfs the ettin!!
The ettin is moderately wounded.
Unknown command.
Casting: Fireball (mildly dangerous; 1% risk of failure)
Confirm with . or Enter, or press ? or * to list all spells.
Aiming: Fireball (mildly dangerous; 1% risk of failure)
Press: ? - help, Shift-Dir - straight line, f/p - ettin
Aim: an ettin, wielding a +0 great mace and a +0 dire flail of protection (moderately wounded)
The fireball explodes!
The fireball engulfs the ettin!
The ettin is moderately wounded.
You hear a shout! x2
The ogre hits your blazeheart golem with a +0 giant club!!
Casting: Fireball (mildly dangerous; 1% risk of failure)
Confirm with . or Enter, or press ? or * to list all spells.
Casting: Starburst (dangerous; 1% risk of failure)
Press: ? - help, Dir - look around, f - activate Really fire in your blazeheart golem's direction?
The bolt of fire hits the ettin!!
The ettin is severely wounded.
The bolt of fire hits your blazeheart golem!
Your blazeheart golem resists.
Your blazeheart golem is almost destroyed.
The bolt of fire hits the ogre!!!
You kill the ogre!
Your blazeheart golem disappears in a puff of smoke!
The ettin hits you with a +0 great mace!!
* * * LOW HITPOINT WARNING * * *
The ettin hits you with a +0 dire flail of protection!!!
You die...

#.. .. ##..
###.. ## ....
#.#.. ..# .#
.....$#C##...##
#..@......#
.......$.#.#.##
...##.#.## .
###§# .). ..#
... ....


You could see an ettin.

Vanquished Creatures
  A dire elephant (Lair:5)
  Snorg (Lair:4)
  2 hydras
  A catoblepas (Lair:5)
  A deep troll shaman (Lair:5)
  3 two-headed ogres
  14 death yaks
  An occultist (D:11)
  Urug (Lair:4)
  Amaemon (D:11)
  2 skysharks
  Maurice (Orc:1)
  14 elephants
  A manticore (D:12)
  2 cyclopes (D:11)
  A black mamba (Lair:4)
  An orange demon (D:11)
  12 cane toads
  Jeremiah (D:8)
  An unseen horror (D:11)
  7 komodo dragons
  A tengu conjurer (D:11)
  3 rime drakes (Lair:5)
  3 trolls
  4 polar bears
  17 blink frogs
  6 wyverns
  Sigmund (D:2)
  A shadow (D:10)
  25 yaks
  A wraith (D:9)
  5 basilisks
  Menkaure (Ossuary)
  A steam dragon (D:7)
  4 vampire mosquitoes (D:12)
  2 nagas (Lair:2)
  19 water moccasins
  3 black bears (Lair:5)
  5 orc warriors
  A swamp drake (Lair:3)
  2 ice beasts
  2 ogres
  18 wolves
  6 centaurs
  2 phantoms (D:5)
  2 kobold brigands (D:10)
  13 bullfrogs
  3 scorpions
  6 wights
  A burial acolyte (D:10)
  2 electric eels (Lair:2)
  A howler monkey (D:9)
  2 bombardier beetles
  2 hounds (D:6)
  7 orc priests
  2 sleepcaps
  8 iguanas
  Ijyb (D:4)
  7 orc wizards
  Natasha (thrice) (D:2)
  3 mummies (Ossuary)
  Robin (D:2)
  A gnoll (D:3)
  10 adders
  A river rat (D:10)
  A shadow imp (D:5)
  2 white imps
  2 adder zombies (D:10)
  3 dart slugs
  A ribbon worm (D:3)
  47 orcs
  4 bats
  5 endoplasms
  2 giant cockroaches (D:4)
  8 gnoll zombies (Ossuary)
  14 goblins
  12 hobgoblins
  2 jackals (D:2)
  A quokka (D:3)
  6 ball pythons
  2 frilled lizards
  5 gnoll skeletons (Ossuary)
  3 goblin skeletons (Ossuary)
  5 goblin zombies (Ossuary)
  6 hobgoblin skeletons (Ossuary)
  5 hobgoblin zombies (Ossuary)
  A jackal zombie (D:10)
  13 kobolds
  3 kobold skeletons (Ossuary)
  3 kobold zombies (Ossuary)
  An orc skeleton (Ossuary)
  2 orc zombies (Ossuary)
  3 rats (D:2)
  5 rat skeletons (Ossuary)
  A rat zombie (Ossuary)
446 creatures vanquished.

Vanquished Creatures (collateral kills)
  An elephant (Lair:5)
  A cane toad (Lair:3)
  A troll (D:9)
  2 hornets
  2 blink frogs
  2 yaks
  2 vampire mosquitoes (D:12)
  2 water moccasins (D:10)
  A black bear (Lair:1)
  An ogre (D:6)
  A wolf (Lair:1)
  2 wights (D:6)
  A bombardier beetle (D:3)
  A hound (D:7)
  A jelly (D:5)
  3 gnolls (D:3)
  An adder (D:5)
  2 orcs
  4 goblins (D:2)
  A bat (D:3)
  A gnoll skeleton (Ossuary)
  A gnoll zombie (Ossuary)
  A kobold (D:10)
  An orc skeleton (Ossuary)
36 creatures vanquished.

Vanquished Creatures (others)
  23 blazeheart cores
  129 foxfires
152 creatures vanquished.

Grand Total: 634 creatures vanquished

Notes
Turn   | Place    | Note
-------+----------+-------------------------------------------
     0 | D:1      | Banquo the Djinni Air Elementalist began the quest for the
                  | Orb.
     0 | D:1      | Banquo set off with the following spells memorised: Shock,
                  | Static Discharge, Swiftness, Airstrike.
     0 | D:1      | Reached XP level 1. HP: 15/15 MP: 0/0
   221 | D:1      | Reached XP level 2. HP: 21/22 MP: 0/0
   401 | D:1      | Reached skill level 1 in Fighting
   710 | D:2      | Noticed Sigmund
   749 | D:2      | Noticed Natasha
   752 | D:2      | Killed Natasha
   753 | D:2      | Reached skill level 2 in Fighting
   753 | D:2      | Reached XP level 3. HP: 18/28 MP: 0/0
   753 | D:2      | Learned a level 1 spell: Foxfire
   850 | D:2      | Reached XP level 4. HP: 31/33 MP: 0/0
   875 | D:2      | Noticed Natasha
   883 | D:2      | Killed Natasha
   914 | D:2      | Noticed Natasha
   924 | D:2      | Killed Natasha
   925 | D:2      | Reached XP level 5. HP: 39/40 MP: 0/0
   925 | D:2      | Learned a level 2 spell: Call Imp
  1273 | D:2      | Killed Sigmund
  1274 | D:2      | Reached skill level 3 in Fighting
  1274 | D:2      | Reached XP level 6. HP: 38/47 MP: 0/0
  1677 | D:2      | Noticed Robin
  1716 | D:2      | Killed Robin
  1727 | D:2      | Reached skill level 4 in Fighting
  2727 | D:3      | Reached XP level 7. HP: 52/52 MP: 0/0
  2727 | D:3      | Learned a level 3 spell: Fugue of the Fallen
  2808 | D:3      | Reached skill level 5 in Spellcasting
  2808 | D:3      | Reached skill level 5 in Conjurations
  2808 | D:3      | Reached skill level 5 in Hexes
  2808 | D:3      | Reached skill level 5 in Summonings
  2808 | D:3      | Reached skill level 5 in Necromancy
  2808 | D:3      | Reached skill level 5 in Translocations
  2808 | D:3      | Reached skill level 5 in Fire Magic
  2808 | D:3      | Reached skill level 5 in Ice Magic
  2808 | D:3      | Reached skill level 5 in Air Magic
  2808 | D:3      | Reached skill level 5 in Earth Magic
  2808 | D:3      | Reached skill level 5 in Alchemy
  3436 | D:4      | Found an ornate altar of the Wu Jian Council.
  3644 | D:4      | Found a sand-covered staircase.
  3756 | Ossuary  | Entered an ossuary
  4406 | Ossuary  | Noticed Menkaure
  4416 | Ossuary  | Killed Menkaure
  4417 | Ossuary  | Reached skill level 5 in Fighting
  4834 | D:4      | Reached XP level 8. HP: 52/60 MP: 0/0
  5579 | D:4      | Found a snail-covered altar of Cheibriados.
  5680 | D:4      | Noticed Ijyb
  5690 | D:4      | Killed Ijyb
  5926 | D:5      | Entered Level 5 of the Dungeon
  6124 | D:5      | Reached skill level 6 in Fighting
  6334 | D:5      | Found a blossoming altar of Fedhas.
  6597 | D:5      | Found a staircase to the Ecumenical Temple.
  6627 | Temple   | Entered the Ecumenical Temple
  6640 | Temple   | Became a worshipper of Ashenzari the Shackled
  6772 | D:5      | Found a runed translucent door.
  6775 | D:5      | Noticed Gadfly's ghost (novice KoHu)
  6839 | D:5      | Found a runed translucent door.
  7097 | D:5      | Reached XP level 9. HP: 63/67 MP: 0/0
  7097 | D:5      | Learned a level 4 spell: Summon Blazeheart Golem
  7323 | D:6      | Noticed a hornet
  7341 | D:6      | Killed a hornet
  7342 | D:6      | Reached skill level 7 in Fighting
  7936 | D:6      | Found a hazy altar of Hepliaklqana.
  8880 | D:7      | Reached * piety under Ashenzari
  9322 | D:7      | Reached skill level 8 in Fighting
  9476 | D:7      | Reached ** piety under Ashenzari
 10310 | D:8      | Reached XP level 10. HP: 71/79 MP: 0/0
 10387 | D:8      | Found a white marble altar of Elyvilon.
 10392 | D:8      | Noticed Jeremiah
 10409 | D:8      | Killed Jeremiah
 10920 | D:8      | Found a sacrificial altar of Ru.
 11362 | D:8      | Found an opulent altar of Gozag.
 11647 | D:9      | Reached skill level 1 in Long Blades
 11723 | D:9      | Identified the +1 robe of Ashenzari's Delight {rC++ rN+}
 11781 | D:9      | Reached skill level 9 in Fighting
 11841 | D:9      | Found a sparkling altar of Nemelex Xobeh.
 12551 | D:9      | Found a glowing golden altar of the Shining One.
 12661 | D:10     | Entered Level 10 of the Dungeon
 13578 | D:10     | Reached XP level 11. HP: 71/86 MP: 0/0
 13578 | D:10     | Learned a level 4 spell: Dispel Undead
 13693 | D:10     | Reached skill level 5 in Dodging
 13750 | D:10     | Found a shadowy altar of Dithmenos.
 13752 | D:10     | Found Homyc's Weapon Shoppe.
 14116 | D:10     | Found a staircase to the Lair.
 14173 | D:10     | Noticed an orange crystal statue
 14359 | Lair:1   | Entered Level 1 of the Lair of Beasts
 14599 | Lair:1   | Reached skill level 10 in Fighting
 14711 | Lair:1   | Reached skill level 10 in Spellcasting
 14711 | Lair:1   | Reached skill level 10 in Conjurations
 14711 | Lair:1   | Reached skill level 10 in Hexes
 14711 | Lair:1   | Reached skill level 10 in Summonings
 14711 | Lair:1   | Reached skill level 10 in Necromancy
 14711 | Lair:1   | Reached skill level 10 in Translocations
 14711 | Lair:1   | Reached skill level 10 in Fire Magic
 14711 | Lair:1   | Reached skill level 10 in Ice Magic
 14711 | Lair:1   | Reached skill level 10 in Air Magic
 14711 | Lair:1   | Reached skill level 10 in Earth Magic
 14711 | Lair:1   | Reached skill level 10 in Alchemy
 15470 | Lair:1   | Reached XP level 12. HP: 92/95 MP: 0/0
 15553 | Lair:2   | Reached *** piety under Ashenzari
 15652 | Lair:2   | Reached skill level 11 in Fighting
 16115 | Lair:2   | Found a staircase to the Snake Pit.
 16847 | Lair:2   | Found a staircase to the Snake Pit.
 17118 | Lair:3   | Reached skill level 1 in Armour
 17168 | Lair:3   | Found a staircase to the Swamp.
 17737 | Lair:4   | Noticed a skyshark
 17741 | Lair:4   | Noticed Urug
 17750 | Lair:3   | Killed a skyshark
 17751 | Lair:3   | Reached skill level 12 in Fighting
 17813 | Lair:4   | Noticed a seven-headed hydra
 17820 | Lair:4   | Killed a seven-headed hydra
 17830 | Lair:4   | Killed Urug
 17831 | Lair:4   | Reached XP level 13. HP: 52/103 MP: 0/0
 17831 | Lair:4   | Learned a level 5 spell: Fireball
 17999 | Lair:4   | Found a staircase to the Slime Pits.
 18438 | Lair:4   | Noticed Snorg
 18502 | Lair:4   | Found a transporter.
 18529 | Lair:4   | Found a transporter.
 18586 | Lair:4   | Killed Snorg
 18928 | Lair:5   | Entered Level 5 of the Lair of Beasts
 18971 | Lair:5   | Noticed an eight-headed hydra
 18984 | Lair:4   | Reached skill level 5 in Armour
 19276 | Lair:5   | Reached skill level 13 in Fighting
 19715 | Lair:5   | Killed an eight-headed hydra
 19785 | Lair:5   | Reached XP level 14. HP: 83/112 MP: 0/0
 20435 | Lair:5   | Reached skill level 14 in Fighting
 20900 | Lair:5   | Noticed a dire elephant
 20908 | Lair:5   | Killed a dire elephant
 21905 | D:11     | Identified the +7 dagger of Inquiry {freeze, ^Drain Str+4}
 22424 | D:11     | Noticed Amaemon
 22466 | D:11     | Killed Amaemon
 22587 | D:11     | Found a burning altar of Makhleb.
 24179 | D:12     | Found a staircase to the Orcish Mines.
 24256 | D:12     | Reached skill level 15 in Fighting
 24363 | D:12     | Identified the storm talisman of Safu {rC+ Str+3 Int-2
                  | Stlth+}
 24919 | Orc:1    | Entered Level 1 of the Orcish Mines
 24919 | Orc:1    | Noticed Maurice
 24926 | Orc:1    | Reached XP level 15. HP: 73/122 MP: 0/0
 24926 | Orc:1    | Learned a level 6 spell: Starburst
 24928 | Orc:1    | Killed Maurice
 24929 | Orc:1    | Reached skill level 5 in Long Blades
 24931 | Orc:1    | Demolished by an ettin

Illustrated notes

Levels and vault maps discovered:
D:1:      dpeg_arrival_tiny_a, layout_loops_ring
D:2:      layout_loops_corners, minmay_distorted, uniq_natasha, uniq_robin,
          uniq_sigmund
D:3:      layout_loops_ring
D:4:      kennysheep_the_goblin_king, layout_cave_pods,
          nzn_wu_jian_council_hall, cheibriados_altar_1,
          chequers_ossuary_entry_cave
D:5:      layout_basic, mainiacjoe_overflow_cross_hatched,
          minmay_temple_entry_trees, ebering_ghost_sewer_f
D:6:      layout_loops_corners, nzn_hepliaklqana_mist_gate, serial_bayou_pond_e
D:7:      layout_basic
D:8:      layout_layer_cave, old_standard_altar, grunt_gozag_breadcrumbs,
          nicolae_ru_path_of_blood, minmay_manual_mess, uniq_jeremiah
D:9:      layout_irregular_city, mainiacjoe_overflow_small_starburst,
          marbit_many_paths, serial_rivers, chequers_serial_rivers_micro_e,
          chequers_serial_rivers_micro_c, chequers_serial_rivers_small_3,
          chequers_serial_rivers_micro_d, chequers_serial_rivers_micro_c,
          chequers_serial_rivers_micro_c
D:10:     minmay_statue_hallways, layout_stronghold,
          lemuel_zombie_altar_kikubaaqudgha, hellmonk_sif_muna_bookshelves,
          grunt_dithmenos_smoke, lair_entry_dummy, serial_shops, shop, pond
D:11:     kennysheep_big_flooded_room, layout_basic, bloody_makhleb,
          uniq_amaemon
D:12:     layout_stronghold, hiddenorc2_lemuel, serial_library,
          serial_library_hellmonk_layered_room,
          serial_library_hellmonk_semicircle,
          serial_library_hellmonk_big_corner,
          serial_library_hellmonk_open_cross,
          serial_library_regret_index_split_case,
          serial_library_hellmonk_open_square,
          serial_library_hellmonk_open_cross
Temple:   zaba_magenta_temple
Lair:1:   layout_cave_pods
Lair:2:   layout_misc_corridors, guppyfry_snake_entry_island,
          serial_bayou_shore_b, lemuel_fruit_tree, serial_bayou_shore_a,
          serial_bayou_shore_b
Lair:3:   layout_misc_corridors, minmay_swamp_entry_reptiles,
          chequers_serial_rivers_micro_c, hibernation_bobbens,
          grunt_megastairs_3
Lair:4:   gammafunk_cloud_chamber, layout_regular_city, dpeg_slime_entry_corner,
          grunt_forest_stairs_basic, grunt_megastairs_1, uniq_snorg, uniq_urug
Lair:5:   grunt_lair_end_beastmaster, layout_regular_city, st_stairs_10,
          chequers_serial_rivers_large_a
Orc:1:    layout_caves, uniq_erica, uniq_maurice

Skill      XL: |  1  2  3  4  5  6  7  8  9 10 11 12 13 14 15 |
---------------+----------------------------------------------+-----
Fighting       | 2 3 4 5 6 8 9 10 12 13 15 | 15.0
Spellcasting   | 4 5 6 8 9 10 11 12 14 | 14.0
Conjurations   | 4 5 6 8 9 10 11 12 14 | 14.0
Hexes          | 4 5 6 8 9 10 11 12 14 | 14.0
Summonings     | 4 5 6 8 9 10 11 12 14 | 14.0
Necromancy     | 4 5 6 8 9 10 11 12 14 | 14.0
Translocations | 4 5 6 8 9 10 11 12 14 | 14.0
Fire Magic     | 4 5 6 8 9 10 11 12 14 | 14.0
Ice Magic      | 4 5 6 8 9 10 11 12 14 | 14.0
Air Magic      | 4 5 6 8 9 10 11 12 14 | 14.0
Earth Magic    | 4 5 6 8 9 10 11 12 14 | 14.0
Alchemy        | 4 5 6 8 9 10 11 12 14 | 14.0
Long Blades    | 4 5 |  5.0
Dodging        | 4 7 8 |  8.8
Armour         | 3 5 |  5.7
Stealth        | |  1.5
Shields        | |  0.5

Action                     |  1- 3 |  4- 6 |  7- 9 | 10-12 | 13-15 || total
---------------------------+-------+-------+-------+-------+-------++-------
  Melee: Whip              |       |       |     1 |       |       ||     1
         Staff             |       |       |       |     4 |       ||     4
   Cast: Shock             |    25 |    54 |   129 |       |       ||   208
         Foxfire           |       |    18 |    58 |     2 |       ||    78
         Call Imp          |       |    10 |    14 |     8 |     5 ||    37
         Airstrike         |       |     1 |   100 |   293 |   305 ||   699
         Summon Blazeheart |       |       |     9 |    24 |    40 ||    73
         Fireball          |       |       |       |       |    69 ||    69
         Swiftness         |       |       |       |       |     1 ||     1
         Starburst         |       |       |       |       |     1 ||     1
 Invoke: Curse Item        |       |       |     3 |     1 |     1 ||     5
         Shatter the Chain |       |       |       |       |     1 ||     1
 Armour: Robe              |     2 |     9 |    18 |       |       ||    29
         Troll leather arm |       |       |       |    44 |    79 ||   123
  Dodge: Dodged            |     2 |     7 |    13 |    40 |    62 ||   124
